[Event "44th Chess Olympiad Open 2022"]
[Site "Chennai"]
[Date "2022.07.31"]
[Round "3.15"]
[White "Lopez Silva, Hugo"]
[Black "Cornette, Matthieu"]
[Result "0-1"]
[WhiteElo "2403"]
[BlackElo "2551"]
[Annotator "RC"]
[PlyCount "54"]
[EventDate "2022.??.??"]
[TimeControl "60"]

1. e4 e6 2. d4 d5 3. Nc3 Nf6 4. Bg5 dxe4 5. Nxe4 Be7 6. Bxf6 gxf6 7. Nf3 f5 8. Nc3 a6 9. g3 b5 10. Bg2 Bb7 11. Qe2 c5 12. d5 b4 13.
dxe6 bxc3 14. exf7+ Kf8 15. Rd1 Qb6 16. O-O cxb2 17. Ng5 Bxg2 18. Ne6+ Kxf7 19. Qh5+ Kxe6 20. Rfe1+ Be4 21. g4 Bg5 22. h4 Ke7 23. gxf5 Be3 24. Rxe3 Nd7 25. Rxe4+ Kd8 26. Qf7 Ra7 27. Re6 b1=Q 0-1

[Event "44th Chess Olympiad Open 2022"]
[Site "Chennai"]
[Date "2022.07.31"]
[Round "3.16"]
[White "Gupta, Abhijeet"]
[Black "Kjartansson, Gudmundur"]
[Result "1-0"]
[WhiteElo "2627"]
[BlackElo "2448"]
[Annotator "RC"]
[PlyCount "71"]
[EventDate "2022.??.??"]
[TimeControl "60"]

1. d4 d5 2. Nf3 e6 3. Bf4 Bd6 4. e3 Bxf4 5. exf4 Nf6 6. Nbd2 O-O 7. Bd3 c5 8. dxc5 Qa5 9. O-O Qxc5 10. a3 Qc7 11. g3 Nbd7 12. Re1 Nc5 13.
Bf1 b6 14. Nd4 Ba6 15. Bg2 Rac8 16. N2f3 Rfe8 17. Ne5 Nfe4 18. Re3 f6 19. Nd3 Kh8 20. Nxc5 Qxc5 21. c3 e5 22. fxe5 fxe5 23. Bxe4 dxe4 24. Nb3 Qc6 25. Nd2 Bd3 26. Qe1 Qb5 27. b4 Qd5 28. Rd1 Bc2 29. Rc1 Qa2 30.
c4 Bd3 31. Nxe4 Bxe4 32. Rxe4 Qxa3 33. Ra1 Qb3 34. Rxa7 Rxc4 35. Rxe5 Rf8 36. Ra8 1-0

[Event "44th Chess Olympiad Open 2022"]
[Site "Chennai"]
[Date "2022.07.31"]
[Round "3.16"]
[White "Ganguly, Surya Shekhar"]
[Black "Gretarsson, Hjorvar Steinn"]
[Result "1/2-1/2"]
[WhiteElo "2608"]
[BlackElo "2563"]
[Annotator "RC"]
[PlyCount "108"]
[EventDate "2022.??.??"]
[TimeControl "60"]

1. e4 c5 2. Nf3 d6 3. d4 cxd4 4. Nxd4 Nf6 5. Nc3 a6 6. Qd3 Nbd7 7. Be2 e5 8. Nf5 Nc5 9. Qf3 Bxf5 10. Qxf5 Ne6 11. Bd3 Rc8 12. O-O g6 13. Qh3 Bg7 14. Rd1 O-O 15. Be3 h5 16. f3 Qc7 17. a4 Nf4 18.
Qh4 d5 19. Bxf4 exf4 20. Nxd5 Nxd5 21. exd5 Bxb2 22. Rab1 Bc3 23. Kh1 Rfd8 24. Bf1 Rd7 25. Rd3 Qe5 26. Rbd1 Rd6 27. Qf2 b6 28. Rb1 Rc5 29. h3 a5 30. Kh2 Bb4 31. Rbd1 Bc3 32. Rb1 Bb4 33. Rbd1 Rc4 34. Rd4 Be1 35. Qe2 Bg3+ 36. Kg1 Qxe2 37. Bxe2 Rxc2 38. Kf1 Kg7 39. Rc4 Rxc4 40. Bxc4 Kf6 41. Rd4 Kf5 42. Ke2 g5 43. Bb3 g4 44. hxg4+ hxg4 45. Re4 Rd8 46. Bc2 Kf6 47. Bb3 Kf5 48. Bc2 gxf3+ 49. Kxf3 Kg5 50. Bb3 Bh2 51. Re5+ Kg6 52. Bc4 Rc8 53. Re4 Rd8 54. Rd4 Kf5 1/2-1/2

[Event "44th Chess Olympiad Open 2022"]
[Site "Chennai"]
[Date "2022.07.31"]
[Round "3.16"]
[White "Stefansson, Hannes"]
[Black "Sethuraman, S.P..."]
[Result "0-1"]
[WhiteElo "2541"]
[BlackElo "2623"]
[Annotator "RC"]
[PlyCount "71"]
[EventDate "2022.??.??"]
[TimeControl "60"]

1. d4 e6 2. Nf3 Nf6 3. c4 d5 4. g3 Be7 5. Bg2 O-O 6. O-O dxc4 7. Qc2 b6 8. Qxc4 Bb7 9. Nc3 c5 10. Bg5 Nbd7 11. Rad1 Nd5 12. Bxe7 Qxe7 13. Ne1 Rac8 14. Qa4 Nxc3 15. bxc3 Bxg2 16. Nxg2 Nf6 17. Qa3 Nd5 18. e4 cxd4 19. Qxe7 Nxe7 20. cxd4 Rc2 21. Rc1 Rxa2 22. Rc7 Nc8 23. e5 b5 24. Rb1 Nb6 25. Ne3 Ra5 26. Rc5 Rd8 27. d5 exd5 28.
Nf5 a6 29. Rc7 Ra4 30. Rb7 Nc4 31. Re1 Na5 32. Rb6 g6 33. Nd6 Nc4 34. Rc6 d4 35. Nb7 Re8 36. Nc5 0-1

[Event "44th Chess Olympiad Open 2022"]
[Site "Chennai"]
[Date "2022.07.31"]
[Round "3.16"]
[White "Gretarsson, Helgi Ass"]
[Black "Puranik, Abhimanyu"]
[Result "1/2-1/2"]
[WhiteElo "2472"]
[BlackElo "2612"]
[Annotator "RC"]
[PlyCount "150"]
[EventDate "2022.??.??"]
[TimeControl "60"]

1. d4 Nf6 2. c4 g6 3. Nc3 d5 4. Bf4 Bg7 5. e3 O-O 6. Rc1 c5 7. dxc5 Be6 8.
Nf3 Nc6 9. Be2 Qa5 10. Ng5 Rad8 11. Nxe6 fxe6 12. Qa4 Qxc5 13. O-O d4 14. exd4 Nxd4 15. Be3 a6 16. h3 Ne4 17. Bg4 Nd6 18. Bxe6+ Kh8 19. Rfe1 Qe5 20. Bxd4 Qxd4 21. Qc2 b5 22. Rcd1 Qa7 23. cxb5 axb5 24. a3 Qc5 25. Rd5 Qb6 26. Rd2 Qa5 27. Rd3 b4 28. Rd5 Qb6 29. Na4 Qa7 30.
axb4 Rb8 31. Nc5 Rxb4 32. Nd3 Rbb8 33. b4 Bd4 34. Re2 Rf6 35.
Ra5 Qb6 36. Bg4 Rbf8 37. Qa2 Nb5 38. Qc4 Nd6 39. Qa6 Qc7 40.
Rd5 Qc3 41. Rxe7 Ne4 42. Qb7 Rxf2 43. Rxh7+ Kg8 44. Be6+ R8f7 45. Bxf7+ Rxf7+ 46. Kh2 Rxb7 47. Rxb7 Bf6 48.
Rdd7 Qc8 49. h4 Bd4 50. g3 Nf6 51. Rdc7 Qe8 52. Nf4 Nd5 53.
Rc2 Ne3 54. Rcc7 Be5 55. Rd7 Bxf4 56. gxf4 Nf5 57. Kg2 Nxh4+ 58. Kf1 Nf5 59. b5 Qc8 60. b6 Qc1+ 61. Ke2 Qc2+ 62. Ke1 Qe4+ 63. Kd2 Qxf4+ 64. Kc2 Nd4+ 65. Kd1 Qf3+ 66. Kd2 Qf2+ 67. Kd3 Nc6 68. Rg7+ Kf8 69. Rh7 Qd4+ 70. Ke2 Kg8 71. Rhd7 Qe5+ 72. Kf1 Qf5+ 73. Kg2 Qg4+ 74. Kf2 Qf5+ 75. Kg2 Qg4+ 1/2-1/2

[Event "44th Chess Olympiad Open 2022"]
[Site "Chennai"]
[Date "2022.07.31"]
[Round "3.17"]
[White "Nguyen, Thai Dai Van"]
[Black "Hansen, Eric"]
[Result "1/2-1/2"]
[WhiteElo "2629"]
[BlackElo "2606"]
[Annotator "RC"]
[PlyCount "61"]
[EventDate "2022.??.??"]
[TimeControl "60"]

1. d4 Nf6 2. c4 e6 3. Nc3 Bb4 4. Nf3 O-O 5. Bg5 h6 6. Bh4 c5 7. Rc1 cxd4 8. Nxd4 Nc6 9. e3 d5 10. cxd5 Qxd5 11. Bxf6 gxf6 12. Nxc6 Qxd1+ 13. Kxd1 bxc6 14. Bd3 Rd8 15. Ke2 Rb8 16. b3 f5 17. Na4 Rd6 18. Rhd1 Kf8 19. h3 Ke7 20. f4 Bd7 21. Nc5 Rg8 22. Nxd7 Rxd7 23. Kf2 Rgd8 24. Be2 Rxd1 25. Rxd1 Rxd1 26. Bxd1 Ba5 27. Bf3 Kd6 28. Ke2 Bb4 29. Kd3 Bc5 30. g4 fxg4 31. Ke4 1/2-1/2

[Event "44th Chess Olympiad Open 2022"]
[Site "Chennai"]
[Date "2022.07.31"]
[Round "3.17"]
[White "Michalik, Peter"]
[Black "Noritsyn, Nikolay"]
[Result "1/2-1/2"]
[WhiteElo "2559"]
[BlackElo "2482"]
[Annotator "RC"]
[PlyCount "109"]
[EventDate "2022.??.??"]
[TimeControl "60"]

1. d4 e6 2. Nf3 d5 3. c4 a6 4. Bg5 Be7 5. Bxe7 Nxe7 6. Nbd2 Nd7 7. Rc1 O-O 8. g3 b6 9. Bg2 Bb7 10. O-O c5 11. cxd5 Bxd5 12. Nc4 Rc8 13.
Ne3 Bb7 14. Qd3 cxd4 15. Rxc8 Qxc8 16. Qxd4 Rd8 17. Rd1 Nc6 18. Qc3 Nf6 19. Rxd8+ Nxd8 20. Qxc8 Bxc8 21. Nc4 b5 22. Nd6 Bd7 23. Ne5 Be8 24. Nd3 Kf8 25. Nc5 a5 26. Nb3 a4 27. Nd4 b4 28. e3 e5 29. Nc2 b3 30. axb3 axb3 31. Nb4 Nd7 32. Nd3 f6 33. Nxe8 Kxe8 34. Bd5 Ke7 35. f3 Kd6 36. Bxb3 e4 37. fxe4 Nc6 38. Bg8 Ne7 39. Bxh7 g6 40. Nf4 Nf8 41. Bxg6 Nexg6 42. Nxg6 Nxg6 43. h4 Ke5 44. h5 Nf8 45. b4 Kxe4 46. b5 Kf5 47. b6 Kg5 48. b7 Nd7 49. g4 f5 50. e4 fxe4 51. Kf2 Kh6 52. Ke2 Kg5 53. Ke3 Kh6 54. Kf4 Kh7 55. Kxe4 1/2-1/2

[Event "44th Chess Olympiad Open 2022"]
[Site "Chennai"]
[Date "2022.07.31"]
[Round "3.17"]
[White "Panjwani, Raja"]
[Black "Hracek, Zbynek"]
[Result "1/2-1/2"]
[WhiteElo "2450"]
[BlackElo "2555"]
[Annotator "RC"]
[PlyCount "63"]
[EventDate "2022.??.??"]
[TimeControl "60"]

1. d4 Nf6 2. c4 e6 3. g3 Bb4+ 4. Bd2 Bxd2+ 5. Qxd2 d5 6. Bg2 O-O 7. Nf3 c6 8. O-O b6 9. Rc1 Nbd7 10. b4 Bb7 11. Na3 Qe7 12. Qb2 a5 13.
b5 c5 14. dxc5 Nxc5 15. cxd5 exd5 16. Qe5 Qd7 17. Nd4 Rfe8 18. Qf4 Nfe4 19. Nac2 Nc3 20. Bf3 Rac8 21. Bg4 Ne6 22. Nxe6 fxe6 23. Nd4 Nxb5 24. Nxb5 Qxb5 25. Rxc8 Bxc8 26. Rc1 e5 27. Qg5 Bxg4 28. Qxg4 d4 29. Rc7 Qb1+ 30. Kg2 Qg6 31. Qd7 h5 32. Qd5+ 1/2-1/2

[Event "44th Chess Olympiad Open 2022"]
[Site "Chennai"]
[Date "2022.07.31"]
[Round "3.17"]
[White "Preotu, Razvan"]
[Black "Zwardon, Vojtech"]
[Result "1-0"]
[WhiteElo "2445"]
[BlackElo "2503"]
[Annotator "RC"]
[PlyCount "87"]
[EventDate "2022.??.??"]
[TimeControl "60"]

1. e4 c5 2. Nf3 Nc6 3. d4 cxd4 4. Nxd4 g6 5. c4 Nf6 6. Nc3 d6 7. Be2 Nxd4 8. Qxd4 Bg7 9. O-O O-O 10. Qd3 Nd7 11. Be3 Nc5 12. Qc2 f5 13. exf5 Bxf5 14. Qd2 Ne4 15. Nxe4 Bxe4 16. Bg4 Qc7 17. Be6+ Kh8 18. Bd4 Bf5 19. Bxg7+ Kxg7 20. Qd4+ Rf6 21. g4 Bxe6 22. g5 Qxc4 23. gxf6+ exf6 24. Qxc4 Bxc4 25. Rfe1 Kf8 26. Rac1 Bxa2 27. Rc7 Bd5 28. Rd1 Bc6 29. Rxd6 Re8 30. Rxf6+ Kg8 31. Kf1 Rd8 32. Rff7 Rd1+ 33. Ke2 Rb1 34. Rg7+ Kf8 35. Rxh7 Rxb2+ 36. Ke3 Kg8 37. Rhg7+ Kf8 38. Rxg6 Rb3+ 39. Kd4 a5 40. Rh6 Kg8 41. Rd6 Rb4+ 42. Kc3 Kf8 43. Rd8+ Be8 44. Rh7 1-0

[Event "44th Chess Olympiad Open 2022"]
[Site "Chennai"]
[Date "2022.07.31"]
[Round "3.18"]
[White "Acs, Peter"]
[Black "Bilguun, Sumiya"]
[Result "0-1"]
[WhiteElo "2575"]
[BlackElo "2463"]
[Annotator "RC"]
[PlyCount "74"]
[EventDate "2022.??.??"]
[TimeControl "60"]

1. e4 c5 2. Nf3 d6 3. d4 cxd4 4. Nxd4 Nf6 5. Nc3 a6 6. f4 e5 7. Nb3 Nbd7 8. a4 Be7 9. Be2 O-O 10. O-O b6 11. Bf3 Bb7 12. Nd5 Nxd5 13.
exd5 Rc8 14. c3 Bf6 15. Be4 g6 16. Qf3 exf4 17. Bxf4 Be5 18. Be3 f5 19. Bc2 Qh4 20. g3 Qc4 21. Rad1 Nf6 22. Nc1 b5 23.
Bb3 Qe4 24. axb5 axb5 25. Nd3 Bxd5 26. Nxe5 Bxb3 27. Qxe4 Nxe4 28. Nd7 Bxd1 29. Nxf8 Be2 30. Re1 Kxf8 31. Rxe2 Ra8 32. g4 Kg7 33. gxf5 gxf5 34. Kg2 Kg6 35. Kf3 Rg8 36. Re1 Rg7 37. Rd1 Rb7 0-1

[Event "44th Chess Olympiad Open 2022"]
[Site "Chennai"]
[Date "2022.07.31"]
[Round "3.18"]
[White "Batsuren, Dambasuren"]
[Black "Erdos, Viktor"]
[Result "1/2-1/2"]
[WhiteElo "2518"]
[BlackElo "2586"]
[Annotator "ChessBase"]
[PlyCount "60"]
[EventDate "2022.??.??"]
[TimeControl "60"]

1. d4 Nf6 2. c4 g6 3. g3 c6 4. Bg2 d5 5. Qa4 Nfd7 6. cxd5 Nb6 7. Qd1 cxd5 8.
Nc3 Nc6 9. e3 Bf5 10. Nh3 h5 11. Nf4 e6 12. a3 Rc8 13. h3 g5 14. Nxh5 Bg6 15. Bf3 Be7 16. g4 Bxh5 17. gxh5 f5 18. Ne2 Nc4 19. b3 Nd6 20. Bd2 Kf7 21. Nc1 Ne4 22. Nd3 Bf6 23. b4 Ne7 24. Bc1 Nd6 25.
Be2 Nc4 26. Qb3 Qd6 27. Nb2 Rc7 28. Nd3 b6 29. Bf1 a6 30. a4 a5 1/2-1/2

[Event "44th Chess Olympiad Open 2022"]
[Site "Chennai"]
[Date "2022.07.31"]
[Round "3.18"]
[White "Gundavaa, Bayarsaikhan"]
[Black "Kantor, Gergely"]
[Result "1/2-1/2"]
[WhiteElo "2503"]
[BlackElo "2582"]
[Annotator "RC"]
[PlyCount "110"]
[EventDate "2022.??.??"]
[TimeControl "60"]

1. Nf3 d5 2. e3 Nf6 3. c4 e6 4. b3 a6 5. Bb2 b6 6. g3 Bb7 7. Bg2 Bd6 8. O-O O-O 9. Nc3 Nbd7 10. Rc1 Re8 11. Qc2 Rc8 12. Rfd1 c5 13. cxd5 Nxd5 14. Nxd5 Bxd5 15. d4 Nf6 16. Qe2 cxd4 17. Nxd4 Rxc1 18. Rxc1 Bxg2 19. Kxg2 Qa8+ 20. Qf3 Bc5 21.
Qxa8 Rxa8 22. Nc6 Nd5 23. a3 a5 24. e4 Nf6 25. f3 Kf8 26. Kf1 Rc8 27. Nxa5 bxa5 28. b4 axb4 29. axb4 Nd7 30. bxc5 Nb8 31. Be5 Nc6 32. Bd6+ Ke8 33. Rb1 Na5 34. Rb4 Kd7 35. Ke2 Ra8 36. Kd3 Ra7 37. h4 Nb7 38. e5 Ra3+ 39. Ke4 Na5 40. h5 Ra1 41. g4 Ra3 42. Rb8 Ra4+ 43.
Ke3 Nc4+ 44. Kf2 Ra2+ 45. Kg3 Ne3 46. Rb7+ Kc6 47. Rxf7 h6 48. Kf4 Nd5+ 49. Ke4 Kb5 50. f4 Kc4 51. f5 Rf2 52. fxe6 Nc3+ 53. Ke3 Nd1+ 54. Ke4 Nc3+ 55. Ke3 Nd1+ 1/2-1/2

[Event "44th Chess Olympiad Open 2022"]
[Site "Chennai"]
[Date "2022.07.31"]
[Round "3.19"]
[White "Parligras, Mircea-Emilian"]
[Black "Taher, Yoseph Theolifus"]
[Result "1-0"]
[WhiteElo "2576"]
[BlackElo "2463"]
[Annotator "RC"]
[PlyCount "71"]
[EventDate "2022.??.??"]
[TimeControl "60"]

1. d4 d5 2. c4 dxc4 3. e3 Nf6 4. Bxc4 e6 5. Nf3 c5 6. O-O a6 7. Nc3 b5 8. Be2 Bb7 9. dxc5 Qxd1 10. Rxd1 Bxc5 11. Nd2 Be7 12. Nb3 Nc6 13. f3 O-O 14. e4 Rfd8 15. Be3 Rxd1+ 16. Rxd1 Rd8 17. Rxd8+ Bxd8 18. Nc5 Bc8 19. a4 b4 20. Nb1 Nb8 21. Nd2 Nfd7 22. Nc4 e5 23. Nd3 Nc6 24. Nd6 Nb6 25.
Kf1 Bc7 26. Bxb6 Bxd6 27. Nc5 Nb8 28. Bc4 a5 29. Ke2 Kf8 30.
Bb5 Ke7 31. Kd3 f5 32. Kc4 fxe4 33. fxe4 Bg4 34. Bxa5 Be2+ 35. Kd5 Bh5 36. Bd8+ 1-0

[Event "44th Chess Olympiad Open 2022"]
[Site "Chennai"]
[Date "2022.07.31"]
[Round "3.19"]
[White "Priasmoro, Novendra"]
[Black "Lupulescu, Constantin"]
[Result "1/2-1/2"]
[WhiteElo "2494"]
[BlackElo "2628"]
[Annotator "RC"]
[PlyCount "60"]
[EventDate "2022.??.??"]
[TimeControl "60"]

1. e4 c6 2. d4 d5 3. Nd2 dxe4 4. Nxe4 Bf5 5. Ng3 Bg6 6. Nf3 Nd7 7. h4 h6 8. h5 Bh7 9. Bd3 Bxd3 10. Qxd3 e6 11. Bd2 Ngf6 12. O-O-O Be7 13. Ne4 Nxe4 14. Qxe4 Nf6 15. Qe2 Qd5 16. c4 Qe4 17. Qxe4 Nxe4 18. Be1 Rd8 19. Ne5 Bf6 20. f3 Nd6 21. Bf2 Bxe5 22. dxe5 Nxc4 23. Rxd8+ Kxd8 24. Bxa7 Nxe5 25. Bd4 f6 26. Bxe5 fxe5 27. Re1 Ke7 28. Rxe5 Kf6 29. Re4 Rd8 30. Rf4+ Ke7 1/2-1/2

[Event "44th Chess Olympiad Open 2022"]
[Site "Chennai"]
[Date "2022.07.31"]
[Round "3.19"]
[White "Ervan, Mohamad"]
[Black "Gavrilescu, David"]
[Result "1-0"]
[WhiteElo "2402"]
[BlackElo "2525"]
[Annotator "RC"]
[PlyCount "45"]
[EventDate "2022.??.??"]
[TimeControl "60"]

1. e4 e6 2. d4 d5 3. Nd2 c5 4. exd5 Qd7 5. d6 Qxd6 6. Ngf3 Qd5 7. Bc4 cxd4 8. O-O Qd7 9. Nb3 Nc6 10.
Re1 a6 11. Bd2 Bd6 12. c3 d3 13. a4 Nge7 14. Be3 O-O 15. Qxd3 Ng6 16. Red1 Nge5 17. Nxe5 Nxe5 18. Bxe6 Qxe6 19. Qxd6 Qxb3 20.
Qxe5 Be6 21. Qg3 f6 22. Rd2 Rad8 23. Bh6 1-0

[Event "44th Chess Olympiad Open 2022"]
[Site "Chennai"]
[Date "2022.07.31"]
[Round "3.20"]
[White "Can, Emre"]
[Black "Stoyanov, Tsvetan"]
[Result "1-0"]
[WhiteElo "2606"]
[BlackElo "2450"]
[Annotator "RC"]
[PlyCount "97"]
[EventDate "2022.??.??"]
[TimeControl "60"]

1. d4 Nf6 2. c4 e6 3. Nc3 Bb4 4. Nf3 O-O 5. Bg5 d5 6. e3 h6 7. Bh4 Nbd7 8. cxd5 exd5 9. Bd3 c6 10. O-O Re8 11. Qc2 Be7 12. Bg3 Nf8 13. h3 Be6 14. Rab1 N8d7 15. b4 Nb6 16. Rfd1 Bd6 17. Bxd6 Qxd6 18. a4 Nbd7 19. Nd2 Re7 20. Rdc1 g5 21. Ne2 Nh5 22. b5 cxb5 23. Rxb5 Ndf6 24. Qb2 b6 25. Nf3 Bd7 26. Rb4 g4 27. hxg4 Nxg4 28. Bb5 Bf5 29. Rc6 Qb8 30. Ne5 Nxe5 31. dxe5 Bg6 32. Rd6 Qf8 33. Bc6 Rd8 34. Rxd8 Qxd8 35. a5 Qc7 36. axb6 axb6 37. Bxd5 Rxe5 38. Rc4 Qe7 39. Rc8+ Kh7 40. f4 Qd7 41. Rf8 Qxd5 42. Qxe5 Qd1+ 43. Kf2 Ng7 44. f5 Bh5 45. Ng3 Qd2+ 46. Kg1 Qe1+ 47. Kh2 Qb4 48. Qb8 Qh4+ 49. Kg1 1-0

[Event "44th Chess Olympiad Open 2022"]
[Site "Chennai"]
[Date "2022.07.31"]
[Round "3.20"]
[White "Ali Marandi, Cemil Can"]
[Black "Georgiev, Todor"]
[Result "1-0"]
[WhiteElo "2561"]
[BlackElo "2272"]
[Annotator "RC"]
[PlyCount "55"]
[EventDate "2022.??.??"]
[TimeControl "60"]

1. e4 c5 2. Nf3 d6 3. Bb5+ Nd7 4. d4 cxd4 5. Nxd4 Ngf6 6. O-O a6 7. Bd3 g6 8. Re1 Bg7 9. c4 O-O 10. Nc3 Nc5 11. Bf1 Ng4 12. h3 Ne5 13.
Be3 Nc6 14. Qd2 Bd7 15. Rad1 Nxd4 16. Bxd4 Bxd4 17. Qxd4 Bc6 18. Qe3 Na4 19. Nxa4 Bxa4 20. b3 Bc6 21. e5 Qa5 22. exd6 exd6 23. Qd2 Qa3 24. h4 Rfe8 25. h5 Re5 26. h6 Rh5 27. Be2 Rh4 28. Qg5 1-0

[Event "44th Chess Olympiad Open 2022"]
[Site "Chennai"]
[Date "2022.07.31"]
[Round "3.20"]
[White "Petkov, Momchil"]
[Black "Yilmaz, Mustafa"]
[Result "0-1"]
[WhiteElo "2510"]
[BlackElo "2634"]
[Annotator "RC"]
[PlyCount "74"]
[EventDate "2022.??.??"]
[TimeControl "60"]

1. e4 c5 2. Nf3 d6 3. Bb5+ Nd7 4. Ba4 Ngf6 5. O-O e6 6. d3 Be7 7. c4 O-O 8. Nc3 a6 9. Qe2 Ng4 10. Nd2 Ngf6 11. f4 b5 12. Bc2 Qb6 13.
b3 Nb8 14. Nf3 Nc6 15. Kh1 Bb7 16. Bd2 Nd4 17. Nxd4 cxd4 18. Nd1 a5 19. Nf2 Rfc8 20. a4 bxc4 21. bxc4 Bc6 22. Rfb1 Qc7 23. Rb2 Nd7 24. Qh5 Nc5 25. f5 exf5 26. Qxf5 Rcb8 27. Rab1 Rxb2 28. Rxb2 Nxa4 29. Bxa4 Bxa4 30. Ra2 Bd7 31. Qd5 Rb8 32. g3 a4 33. Qxd4 Bf6 34. Qd5 Bc6 35. Qf5 Qb6 36. Rc2 a3 37. Ng4 Bd4 0-1

[Event "44th Chess Olympiad Open 2022"]
[Site "Chennai"]
[Date "2022.07.31"]
[Round "3.20"]
[White "Yordanov, Lachezar"]
[Black "Sanal, Vahap"]
[Result "1-0"]
[WhiteElo "2316"]
[BlackElo "2574"]
[Annotator "RC"]
[PlyCount "137"]
[EventDate "2022.??.??"]
[TimeControl "60"]

1. d4 d6 2. c4 e5 3. Nc3 exd4 4. Qxd4 Nc6 5. Qd2 Nf6 6. e4 g6 7. Bd3 Bg7 8. Nge2 Ne5 9. O-O O-O 10. b3 Nfg4 11. h3 Nxd3 12. Qxd3 Ne5 13. Qg3 f5 14. Bg5 Qd7 15. exf5 Rxf5 16. Rad1 Nf7 17. Be3 b6 18. Nd4 Bxd4 19. Rxd4 Bb7 20. Rfd1 Re8 21. Nd5 Ree5 22. Qh4 c5 23. R4d2 Kg7 24. Rd3 Bxd5 25. cxd5 Qe8 26. Bd2 Re4 27. Qg3 h5 28. f4 Kh7 29. Kh1 Nh6 30. Re1 Rxe1+ 31. Bxe1 Qe4 32. Re3 Qxd5 33. Re8 Nf7 34. Bc3 Qd1+ 35. Kh2 Qc1 36. Rg8 Kxg8 37. Qxg6+ Kf8 38. Bg7+ Ke8 39. Qxf5 Qe3 40. Bf6 Kf8 41. Qc8+ Qe8 42. Bg7+ Ke7 43. Qf5 Kd8 44. Qxh5 Qe6 45. Qf3 d5 46. h4 Kc7 47. h5 d4 48. Be5+ Nxe5 49. fxe5 Kd7 50. Qb7+ Ke8 51. Qa8+ Kf7 52. Qxa7+ Kg8 53. Qa8+ Kg7 54. Qe4 Qf7 55. g4 Qf2+ 56. Kh3 Qf1+ 57. Kh4 d3 58. Qg6+ Kf8 59. Qd6+ Ke8 60. Qe6+ Kf8 61. h6 Qf2+ 62. Kg5 d2 63. h7 Qe3+ 64. Kg6 Qe4+ 65. Qf5+ Qxf5+ 66. gxf5 d1=Q 67. h8=Q+ Ke7 68. Qf6+ Ke8 69. Qe6+ 1-0

[Event "44th Chess Olympiad Open 2022"]
[Site "Chennai"]
[Date "2022.07.31"]
[Round "3.21"]
[White "Smirin, Ilia"]
[Black "Mwali, Chitumbo"]
[Result "1-0"]
[WhiteElo "2601"]
[BlackElo "2320"]
[Annotator "RC"]
[PlyCount "87"]
[EventDate "2022.??.??"]
[TimeControl "60"]

1. e4 e5 2. Nf3 Nc6 3. Bb5 a6 4. Ba4 Nf6 5. O-O b5 6. Bb3 Be7 7. Re1 d6 8. c3 O-O 9. h3 Na5 10. Bc2 c5 11. d4 Nc6 12. d5 Na5 13.
b3 Ne8 14. Be3 Bd7 15. Nbd2 Rc8 16. Nf1 g6 17. g4 f6 18. Ng3 Ng7 19. Kh2 Kh8 20. Rg1 Rg8 21. Qe2 Qc7 22. h4 Rcf8 23. Nd2 Qc8 24. f3 f5 25. exf5 gxf5 26. Bh6 Bxh4 27. Nxf5 Bxf5 28. gxf5 Rf6 29. Bxg7+ Rxg7 30. Rxg7 Kxg7 31. Rg1+ Kh8 32. Rg4 Rh6 33. Kg2 Qd8 34. Ne4 Qf8 35. Kf1 Nb7 36. a4 c4 37. axb5 cxb3 38. Bxb3 a5 39. Qe3 Qxf5 40. Ke2 Qf8 41. Qa7 Qc8 42. Qb6 Bd8 43. Qc6 Rh2+ 44. Kf1 1-0

[Event "44th Chess Olympiad Open 2022"]
[Site "Chennai"]
[Date "2022.07.31"]
[Round "3.21"]
[White "Postny, Evgeny"]
[Black "Kabwe Timothy"]
[Result "1-0"]
[WhiteElo "2564"]
[BlackElo "2248"]
[Annotator "RC"]
[PlyCount "129"]
[EventDate "2022.??.??"]
[TimeControl "60"]

1. d4 d5 2. c4 c6 3. Nf3 Nf6 4. Nc3 dxc4 5. a4 Bf5 6. Nh4 Bg6 7. Nxg6 hxg6 8. e3 e6 9. Bxc4 Nbd7 10. O-O Bd6 11. g3 O-O 12. Qe2 Qe7 13.
e4 e5 14. d5 cxd5 15. Nxd5 Nxd5 16. Bxd5 Nf6 17. Bg5 Qd7 18.
Rfd1 Bc5 19. Qf3 Qg4 20. Qxg4 Nxg4 21. Rd2 Rab8 22. Rc1 b6 23. a5 Bb4 24. Rd3 bxa5 25. Rf3 Nf6 26. Bxf6 gxf6 27. Rxf6 Rb6 28. Rxb6 axb6 29. Rc6 Kg7 30. Rxb6 Re8 31. Kg2 Re7 32. Rc6 Ra7 33. b3 Be7 34. Rc4 Bd6 35. Rc6 Be7 36. Rc4 Bd6 37. h4 Rc7 38. Bc6 Bb4 39. Kf3 Kf6 40. Ke2 Kg7 41. f3 f6 42. f4 Kh6 43.
Kf3 exf4 44. gxf4 f5 45. e5 Be1 46. Ke3 Bxh4 47. Kd4 Be7 48.
Kd5 g5 49. Ke6 gxf4 50. Kxf5 Rc8 51. Kxf4 Rb8 52. Be4 Kg7 53. Rc7 Kf8 54. Bd5 Rb4+ 55. Kf5 Ke8 56. Ke6 Rb6+ 57. Bc6+ Kd8 58. Rd7+ Kc8 59. Kxe7 Rxc6 60. Rd5 Rc7+ 61. Kf6 Rb7 62. e6 Rxb3 63. e7 Rf3+ 64. Ke6 Re3+ 65. Kd6 1-0

[Event "44th Chess Olympiad Open 2022"]
[Site "Chennai"]
[Date "2022.07.31"]
[Round "3.21"]
[White "Bwalya, Gillan"]
[Black "Nabaty, Tamir"]
[Result "0-1"]
[WhiteElo "2396"]
[BlackElo "2631"]
[Annotator "RC"]
[PlyCount "52"]
[EventDate "2022.??.??"]
[TimeControl "60"]

1. d4 d5 2. Nf3 Nf6 3. c4 dxc4 4. e3 e6 5. Bxc4 a6 6. O-O c5 7. Nc3 b5 8. Be2 Bb7 9. dxc5 Bxc5 10. Qxd8+ Kxd8 11. Nd2 Bd6 12. a4 b4 13. Nc4 Bc7 14. Nb1 a5 15. Nbd2 Ke7 16. Nb3 Rc8 17. f3 Ba6 18. Nbd2 Nd5 19. Kf2 Nd7 20. b3 Be5 21. Bb2 Bxb2 22. Nxb2 Rc2 23. Nbc4 Bxc4 24. Nxc4 Nc3 25. Rfe1 Nc5 26.
Kf1 Nxb3 0-1

[Event "44th Chess Olympiad Open 2022"]
[Site "Chennai"]
[Date "2022.07.31"]
[Round "3.21"]
[White "Lungu, Nase"]
[Black "Rodshtein, Maxim"]
[Result "0-1"]
[WhiteElo "2216"]
[BlackElo "2596"]
[Annotator "RC"]
[PlyCount "62"]
[EventDate "2022.??.??"]
[TimeControl "60"]

1. c4 e5 2. Nc3 Nf6 3. Nf3 Nc6 4. e3 Bb4 5. Nd5 e4 6. Nxb4 Nxb4 7. a3 Nc6 8. Ng1 O-O 9. d4 exd3 10. Bxd3 d5 11. cxd5 Qxd5 12. Nf3 Rd8 13. Be2 Qe4 14. Qb3 Be6 15. Qxb7 Rab8 16. Qxc7 Qc2 17. Qf4 Nd5 18. Nd4 Nxd4 19. Qxd4 Nb4 20. axb4 Rxd4 21. exd4 Re8 22. Be3 Qxb2 23. Rd1 Bd5 24. Rg1 Qxb4+ 25. Kf1 a5 26. Bd3 Bb3 27. Rc1 a4 28. Ke2 Qxd4 29. Rge1 Bd5 30. g3 a3 31. Bb5 Qb2+ 0-1

[Event "44th Chess Olympiad Open 2022"]
[Site "Chennai"]
[Date "2022.07.31"]
[Round "3.22"]
[White "Ivic, Velimir"]
[Black "Juarez Flores, Carlos A."]
[Result "0-1"]
[WhiteElo "2581"]
[BlackElo "2335"]
[Annotator "RC"]
[PlyCount "126"]
[EventDate "2022.??.??"]
[TimeControl "60"]

1. e4 c6 2. d4 d5 3. e5 Bf5 4. h4 h5 5. c4 e6 6. Nc3 Ne7 7. Nge2 dxc4 8. Ng3 Bd3 9. Bxd3 cxd3 10. Qxd3 Nd7 11. Qe2 Nb6 12. Nce4 Nf5 13. Nxf5 exf5 14. Ng3 g6 15. Bg5 Be7 16. Bxe7 Qxe7 17. O-O-O O-O-O 18. Qc2 Nd5 19. Kb1 Kb8 20. Qc1 Rd7 21. Ne2 Rhd8 22. Rd3 Nc7 23. g3 Ne6 24. Rhd1 Nc5 25. Re3 Ne4 26. f3 Nxg3 27. Nxg3 f4 28. Re4 fxg3 29. Qf4 Qe6 30. Qxg3 c5 31. Qf4 Ka8 32. Qg5 Rd5 33. Rf4 Qe8 34. Qf6 cxd4 35. e6 fxe6 36. Rfxd4 Rxd4 37. Rxd4 Rxd4 38. Qxd4 e5 39. Qd5 a6 40. a3 Qe7 41. Qc4 Ka7 42. Ka2 Qd6 43. Ka1 Qd4 44. Qc7 Qd1+ 45. Ka2 Qd5+ 46. Ka1 a5 47. Qg7 Qd6 48. Qf7 Ka6 49. Qc4+ b5 50. Qf7 a4 51. Ka2 Kb6 52. b4 axb3+ 53. Kxb3 Qd3+ 54. Kb4 Qd6+ 55. Kb3 Kc5 56. Qa7+ Kd5 57. Qb7+ Qc6 58. Qxc6+ Kxc6 59. Kb4 g5 60. hxg5 Kd6 61. g6 Ke6 62. g7 Kf7 63. Kxb5 h4 0-1

[Event "44th Chess Olympiad Open 2022"]
[Site "Chennai"]
[Date "2022.07.31"]
[Round "3.22"]
[White "Ivanisevic, Ivan"]
[Black "Galvez Dastin, Eduardo"]
[Result "1/2-1/2"]
[WhiteElo "2561"]
[BlackElo "2152"]
[Annotator "RC"]
[PlyCount "87"]
[EventDate "2022.??.??"]
[TimeControl "60"]

1. d4 d5 2. c4 c6 3. Nf3 dxc4 4. e3 Be6 5. Nc3 Nf6 6. Ng5 Bd5 7. e4 h6 8. exd5 hxg5 9. dxc6 Nxc6 10. d5 Na5 11. b4 cxb3 12. Bb5+ Nd7 13. axb3 Qc7 14. Bd2 b6 15. b4 Nc4 16. d6 Nxd6 17. Qf3 Rd8 18.
Nd5 Qb8 19. Bc6 Nc4 20. Bc3 e6 21. Qe2 b5 22. Bxb5 Ncb6 23.
Nxb6 axb6 24. g3 Be7 25. Bxg7 Bxb4+ 26. Kf1 Qb7 27. Kg1 Rg8 28. Bd4 Bc5 29. Bf6 Be7 30. Bd4 Kf8 31. Rd1 Nf6 32. h4 gxh4 33. Rxh4 Qd5 34. Ba4 Qg5 35. Kf1 Nd5 36. Qf3 Qg6 37. Rh3 Qg4 38. Qxg4 Rxg4 39. Rh8+ Rg8 40. Rxg8+ Kxg8 41. Ke2 Rc8 42. Bb3 Nc3+ 43. Bxc3 Rxc3 44. Rd3 1/2-1/2